 Dungeon Crawl Stone Soup version 0.30.0-5-g1a98f26d00 (webtiles) character file.

Game seed: 4210074464161681157

4920 HakonDoomslayer the Covered (level 10, -2/74 HPs)
             Began as a Human Fighter on May 8, 2023.
             Was a Believer of the Shining One.
             Slain by a troll (9 damage)
             ... on level 9 of the Dungeon.
             The game lasted 00:29:33 (7787 turns).

HakonDoomslayer the Covered (Human Fighter)         Turns: 7787, Time: 00:29:33

Health: -2/74      AC:  7    Str: 17 (18) XL:     10   Next: 81%
Magic:  14/14      EV: 11    Int: 11      God:    the Shining One [**....]
Gold:   317        SH:  5    Dex: 13      Spells: 15/15 levels left

rFire   + + .        i - +2 falchion (elec)
rCold   + + .        c - +0 buckler
rNeg    + . .        b - +0 scale mail
rPois   .            (no helmet)
rElec   .            f - scarf {rC+ rF+}
rCorr   .            (no gloves)
SInv    .            (no boots)
Will    .....        h - amulet of the acrobat
Stlth   +            y - ring of wizardry
HPRegen 1.12/turn    o - ring of Toboydot {rC+ Stlth+}
MPRegen 0.14/turn

%: acrobat, clarity, wizardry (x1)
@: glowing, studying Dodging
A: clarity, fire resistance 1, regeneration 1
a: Renounce Religion, Divine Shield


You were on level 9 of the Dungeon.
You worshipped the Shining One.
The Shining One was pleased with you.
You visited 2 branches of the dungeon, and saw 10 of its levels.

You collected 492 gold pieces.
You spent 175 gold pieces at shops.

Inventory:

Hand Weapons
 a - a +0 war axe
 i - a +2 falchion of electrocution (weapon)
 K - a +0 flail
Missiles
 g - 18 poisoned darts
 z - a throwing net
 A - 3 atropa-tipped darts (quivered)
Armour
 b - a +0 scale mail (worn)
 c - a +0 buckler (worn)
 f - a scarf of resistance (worn)
Jewellery
 h - an amulet of the acrobat (around neck)
 m - a +6 ring of dexterity
 o - the ring of Toboydot (right hand) {rC+ Stlth+}
   (You found it on level 4 of the Dungeon)

   [ring of protection from cold]

   rC:        It protects you from cold.
   Stlth:     It makes you more stealthy.
 y - a ring of wizardry (left hand)
 D - a ring of ice
 E - a ring of protection from cold
 F - a +4 ring of slaying
Wands
 r - a wand of flame (3)
 B - a wand of roots (6)
Scrolls
 d - 2 scrolls of immolation {unknown}
 l - 5 scrolls of amnesia
 n - a scroll of magic mapping
 p - a scroll of vulnerability
 s - a scroll of fog
 t - a scroll of noise
 u - 3 scrolls of teleportation
 w - 3 scrolls of poison {unknown}
 x - a scroll of silence
 C - 3 scrolls of identify
 J - a scroll of enchant armour {unknown}
 M - a scroll of enchant weapon {unknown}
Potions
 j - 2 potions of magic {unknown}
 k - 2 potions of curing {unknown}
 q - 3 potions of haste {unknown}
 v - 2 potions of flight {unknown}
 G - a potion of brilliance {unknown}
 H - 2 potions of degeneration


   Skills:
 * Level 5.2 Fighting
 * Level 5.5 Long Blades
 * Level 6.0 Axes
 * Level 4.1 Throwing
 * Level 6.3 Armour
 * Level 4.5 Dodging
 * Level 4.4 Stealth
 * Level 5.1 Shields
 * Level 3.2 Spellcasting
 * Level 3.8 Invocations
 * Level 3.5 Evocations


You had 15 spell levels left.
You didn't know any spells.
Your spell library contained the following spells:

 Spells                   Type           Power      Damage    Failure   Level
 Blink                    Tloc           2%         N/A       50%         2
 Lesser Beckoning         Tloc           2%         N/A       50%         2
 Momentum Strike          Conj/Tloc      2%         3d8       50%         2
 Static Discharge         Conj/Air       2%         2-3/arc   50%         2
 Gell's Gravitas          Tloc           1%         N/A       71%         3
 Teleport Other           Tloc           1%         N/A       71%         3
 Airstrike                Air            0%         2d(1-17)  98%         4
 Summon Lightning Spire   Summ/Air       1%         N/A       98%         4


Dungeon Overview and Level Annotations

Branches:
Dungeon (9/15)             Temple (1/1) D:4            Lair (0/5) D:9
    Orc: D:9-12

Altars:
Ashenzari
Cheibriados
Dithmenos
Elyvilon
Fedhas
Gozag
Hepliaklqana
Kikubaaqudgha
Makhleb
Nemelex Xobeh
Okawaru
Qazlal
Ru
Sif Muna
Trog
Uskayaw
Vehumet
Wu Jian
Xom
Yredelemnul
Zin
The Shining One

Shops:
D:4 *   D:5 !

Annotations:
D:2 Natasha
D:9 6 transporters


Innate Abilities, Weirdness & Mutations

You possess an exceptional clarity of mind.
Your flesh is heat resistant. (rF+)
Your natural rate of healing is unusually fast.


Message History

You feel your intelligence returning.
You see here a warg corpse.
A troll comes into view.
The troll shouts!
Aiming: Fastroot
Press: ? - help, Shift-Dir - straight line, f - troll
Aim: a troll (haloed)
The roots erupt in riotous growth!
Roots grab the troll.
The grasping roots constrict the troll.
The troll struggles to escape constriction.
The grasping roots constrict the troll!
The roots release their grip on the troll.
The troll bites you! The troll closely misses you. The troll claws you.
You hit the troll.
The troll is moderately wounded.
The troll bites you! The troll claws you! The troll barely misses you.
You hit the troll.
The troll is heavily wounded.
The troll bites you! The troll claws you! The troll closely misses you.
Unknown command.
Aiming: Paralyse
Press: ? - help, Shift-Dir - straight line, f/p - troll
Aim: a troll (heavily wounded, haloed, chance to affect: 58%)
The troll resists with significant effort.
The now-empty wand crumbles to dust.
The troll closely misses you. The troll claws you.
* * * LOW HITPOINT WARNING * * *
The troll completely misses you.
You hit the troll. Lightning courses through the troll!
The troll is severely wounded.
The troll closely misses you. The troll claws you.
* * * LOW HITPOINT WARNING * * *
You block the troll's attack.
You hit the troll.
The troll is almost dead.
The troll bites you!
* * * LOW HITPOINT WARNING * * *
You block the troll's attack. The troll claws you!
You die...

......#©..#............©.......#
........©.......##..##©..#....##
...#..#..©#......#...##.##..###
...#..##.##..........##.....###
...#..#......###.#...#....#.#.##
##.#.........# #.#..##.........#
#..#......#...##.#.##.........##
.....#...#...#...####...#.##.#
##...####.....#.@.# ##########
##### #......T### #...##.##
##..#... ##....## #..## ###


You could see a troll.

Vanquished Creatures
  A two-headed ogre (D:9)
  Pikel (D:7)
  A komodo dragon (D:7)
  A shadow (D:7)
  A wyvern (D:9)
  Eustachio (D:5)
  A steam dragon (D:7)
  3 wargs (D:9)
  2 acid dragons (D:9)
  2 orc warriors (D:7)
  3 black bears
  A sky beast (D:8)
  3 ogres
  A lemure (D:7)
  3 centaurs
  A phantom (D:4)
  A kobold brigand (D:9)
  3 bullfrogs
  A scorpion (D:5)
  4 howler monkeys
  A jelly (D:4)
  2 hounds (D:5)
  3 orc priests
  Crazy Yiuf (D:7)
  A gnoll bouda (D:5)
  3 sleepcaps (D:8)
  Ijyb (D:5)
  Natasha (D:2)
  4 iguanas
  8 orc wizards
  8 gnolls
  4 adders
  A shadow imp (D:6)
  A white imp (D:6)
  7 worms
  A dart slug (D:2)
  17 orcs
  6 bats
  9 endoplasms
  3 giant cockroaches
  2 goblins
  8 hobgoblins
  5 jackals
  9 quokkas
  4 ball pythons
  7 frilled lizards
  12 kobolds
  8 rats
172 creatures vanquished.

Notes
Turn   | Place    | Note
-------+----------+-------------------------------------------
     0 | D:1      | HakonDoomslayer the Human Fighter began the quest for the
                  | Orb.
     0 | D:1      | Reached XP level 1. HP: 18/18 MP: 1/1
    67 | D:1      | Reached XP level 2. HP: 24/24 MP: 2/2
   251 | D:2      | Reached XP level 3. HP: 29/29 MP: 3/3
   364 | D:4      | Reached XP level 4. HP: 15/35 MP: 4/4
   368 | D:4      | Found a glowing silver altar of Zin.
   472 | D:4      | Found a staircase to the Ecumenical Temple.
   600 | D:4      | Found Veyx's Fire Supplies.
   615 | D:4      | Identified the ring of Toboydot {rC+ Stlth+}
   626 | D:4      | Noticed a phantom
   641 | D:4      | Killed a phantom
   642 | D:4      | Reached skill level 1 in Throwing
   642 | D:4      | Reached skill level 1 in Dodging
   642 | D:4      | Reached skill level 1 in Stealth
   642 | D:4      | Reached XP level 5. HP: 27/41 MP: 5/5
   706 | D:4      | Found a broken altar of Ashenzari.
   708 | D:4      | Noticed a black bear
   718 | D:4      | Killed a black bear
   719 | D:4      | Reached XP level 6. HP: 28/48 MP: 6/6
   967 | Temple   | Entered the Ecumenical Temple
  1258 | Temple   | Became a worshipper of the Shining One
  1305 | D:4      | Bought a wand of flame (9) for 63 gold pieces
  2122 | D:2      | Noticed Natasha
  2140 | D:2      | Killed Natasha
  2307 | D:2      | Noticed Natasha
  2970 | D:1      | Reached * piety under the Shining One
  3512 | D:5      | Entered Level 5 of the Dungeon
  3545 | D:5      | Noticed an ogre
  3558 | D:5      | Killed an ogre
  3559 | D:5      | Reached XP level 7. HP: 15/53 MP: 7/7
  3798 | D:5      | Reached skill level 1 in Invocations
  3798 | D:5      | Reached skill level 1 in Evocations
  3936 | D:5      | Found Oxapas's Distillery.
  3957 | D:5      | Bought a potion of mutation for 112 gold pieces
  3957 | D:5      | Gained mutation: You occasionally lose the ability to read
                  | scrolls when taking damage. [potion of mutation]
  3958 | D:5      | Lost mutation: You occasionally lose the ability to read
                  | scrolls when taking damage. [potion of mutation]
  3958 | D:5      | Gained mutation: You are occasionally teleported next to
                  | monsters. [potion of mutation]
  3958 | D:5      | Gained mutation: You are clumsy. (Dex -2) [potion of
                  | mutation]
  3958 | D:5      | Gained mutation: You have a pair of small horns on your
                  | head. [potion of mutation]
  3959 | D:5      | Lost mutation: You are occasionally teleported next to
                  | monsters. [potion of mutation]
  3959 | D:5      | Lost mutation: You have a pair of small horns on your head.
                  | [potion of mutation]
  3959 | D:5      | Gained mutation: You have sharp toenails. [potion of
                  | mutation]
  3960 | D:5      | Lost mutation: You are clumsy. (Dex -2) [potion of
                  | mutation]
  3960 | D:5      | Lost mutation: You have sharp toenails. [potion of
                  | mutation]
  3960 | D:5      | Gained mutation: Your natural rate of healing is unusually
                  | fast. [potion of mutation]
  3960 | D:5      | Gained mutation: Your flesh is heat resistant. (rF+)
                  | [potion of mutation]
  3960 | D:5      | Gained mutation: You possess an exceptional clarity of
                  | mind. [potion of mutation]
  4209 | D:5      | Noticed Eustachio
  4231 | D:5      | Noticed Ijyb
  4231 | D:5      | Paralysed by Ijyb for 4 turns
  4240 | D:5      | Killed Ijyb
  4313 | D:5      | Reached XP level 8. HP: 47/60 MP: 9/9
  4333 | D:5      | Killed Eustachio
  4334 | D:5      | Reached skill level 1 in Spellcasting
  4657 | D:6      | Found a sacrificial altar of Ru.
  4943 | D:6      | Reached skill level 1 in Long Blades
  4943 | D:6      | Reached skill level 5 in Axes
  5024 | D:6      | Found a snail-covered altar of Cheibriados.
  5464 | D:7      | Reached XP level 9. HP: 62/66 MP: 11/11
  5488 | D:7      | Noticed a komodo dragon
  5494 | D:7      | Killed a komodo dragon
  5617 | D:7      | Reached skill level 5 in Armour
  5842 | D:7      | Found a runed translucent door.
  5843 | D:7      | Noticed Crazy Yiuf
  5964 | D:7      | Noticed Pikel
  5980 | D:7      | Killed Pikel
  5981 | D:7      | Reached XP level 10. HP: 65/73 MP: 13/13
  6253 | D:7      | Found an ornate altar of the Wu Jian Council.
  6329 | D:7      | Killed Crazy Yiuf
  6531 | D:8      | Reached skill level 5 in Fighting
  6576 | D:8      | Found an iron altar of Okawaru.
  6595 | D:8      | Reached ** piety under the Shining One
  6964 | D:8      | Found a white marble altar of Elyvilon.
  7227 | D:9      | Found a transporter.
  7228 | D:9      | Found a transporter.
  7254 | D:9      | Found a transporter.
  7259 | D:9      | Found a transporter.
  7296 | D:9      | Found a shadowy altar of Dithmenos.
  7326 | D:9      | Found a staircase to the Lair.
  7365 | D:9      | Reached skill level 5 in Long Blades
  7436 | D:9      | Reached skill level 5 in Shields
  7539 | D:9      | Found a transporter.
  7542 | D:9      | Found a transporter.
  7564 | D:9      | Noticed a two-headed ogre
  7574 | D:9      | Killed a two-headed ogre
  7787 | D:9      | Slain by a troll

Illustrated notes

Levels and vault maps discovered:
D:1:      minmay_arrival_arboretum_small, layout_rooms, grunt_decor_mini_mirrors
D:2:      layout_loops_ring, minmay_octomino_c4, uniq_natasha
D:3:      layout_loops_ring, minmay_vboxes
D:4:      layout_rooms, nicolae_ashenzari_skybound, zin_academy,
          minmay_temple_entry_gardened_gates, nicolae_shop_fire_sale
          [nicolae_sub_dead_trees]
D:5:      layout_basic, serial_shops, shop, uniq_eustachio, uniq_ijyb
D:6:      layout_basic, mainiacjoe_overflow_six_doors_small, cheibriados_altar_1
D:7:      layout_basic, mainiacjoe_overflow_alcove_2, st_stairs_13,
          minmay_manual_monolith, uniq_pikel, uniq_crazy_yiuf_cottage
D:8:      layout_cave_pools, general_overflow_altar, okawaru_trees_2,
          roderic_lattice_a, hangedman_decor_opposing
D:9:      layout_cave_pools, mainiacjoe_overflow_surrounded_room,
          erik_lair_orcish_takeover, serial_nicolae_subway,
          nicolae_sub_station_crystal, nicolae_sub_station_stone,
          nicolae_sub_station_metal
Temple:   eino_narrow_crystal_temple

Skill      XL: |  1  2  3  4  5  6  7  8  9 10 |
---------------+-------------------------------+-----
Axes           | 3 4 5 6 |  6.0
Throwing       | 1 2 3 4 |  4.1
Dodging        | 1 2 3 4 |  4.5
Stealth        | 1 2 3 4 |  4.4
Invocations    | 1 2 3 |  3.8
Evocations     | 1 2 3 |  3.5
Fighting       | 4 5 |  5.2
Armour         | 4 5 6 |  6.3
Shields        | 4 5 |  5.1
Spellcasting   | 1 2 3 |  3.2
Long Blades    | 2 4 5 |  5.5

Action                     |  1- 3 |  4- 6 |  7- 9 | 10-12 || total
---------------------------+-------+-------+-------+-------++-------
  Melee: War axe           |    78 |   138 |    66 |       ||   282
         Falchion          |       |       |   105 |   184 ||   289
  Throw: Dart              |     5 |    26 |    30 |     2 ||    63
         Boomerang         |       |    36 |       |       ||    36
  Evoke: Wand              |       |     1 |    14 |    10 ||    25
    Use: Scroll            |     1 |     3 |     2 |     4 ||    10
         Potion            |       |     2 |     6 |     3 ||    11
 Armour: Scale mail        |    46 |    45 |   100 |    64 ||   255
  Dodge: Dodged            |    50 |    51 |   152 |   111 ||   364
  Block: Buckler           |    26 |    43 |    80 |    52 ||   201
